Bruins vs Senators

Created - Sunday, March 01, 2015 at 02:15

Goals
1 2 3 T
Bruins 0 0 1 1
Senators 0 0 0 0
Shots
1 2 3 T
Bruins 13 3 10 26
Senators 4 7 10 21

1st period

No Goal

Penalties :
John Scott (BIN) for Hooking (Minor) at 4:39, Kevin Czuczman (Pro) for Hooking (Minor) at 10:17, Colton Orr (BIN) for Fighting (Major) at 17:24, Jake Newton (Pro) for Fighting (Major) at 17:24, Jake Newton (Pro) for instigated a fight (Minor) at 17:24, Jake Newton (Pro) for instigated and being the aggresor in a fight (20 Minutes Game Misconduct) at 17:24

2nd period

No Goal

Penalties :
Colton Orr (BIN) for Hooking (Minor) at 4:43

3rd period

1. Bruins , Buddy Robinson 4 (Patrick Bordeleau, Dmitry Korobov) at 9:03

Penalties :
Mike Brown (BIN) for Cross-checking (Minor) at 1:34

Goalie Stats

Philipp Grubauer (Pro), 21 saves from 21 shots - (1.000), W, 35-3-8, 60:00 minutes
Jean-Francois Berube (BIN), 25 saves from 26 shots - (0.962), L, 33-17-12, 59:27 minutes

Players Stats for Bruins

Player Name              G  A  P  +/- PIM S  H  SB GA TA FO     MP     PP MP  PK MP  
------------------------------------------------------------------------------------
Brandon Alderson         0  0  0   0  0   0  2  1  0  1  3/3    15:35   1:01   0:00 
Buddy Robinson           1  0  1   1  0   6  0  0  4  0  1/1    18:22   3:00   0:00 
Conor Allen              0  0  0   0  0   0  0  0  0  1  0/0    25:22   3:06   1:39 
Dmitry Korobov           0  1  1   1  0   1  1  2  1  1  0/0    26:26   2:51   2:19 
Erik Nystrom             0  0  0   0  0   0  0  0  0  0  0/0     0:00   0:00   0:00 
Greg Carey               0  0  0   0  0   0  0  0  0  0  0/0     0:00   0:00   0:00 
Jake Newton              0  0  0   0  27  0  0  0  0  0  0/0     4:50   0:00   0:35 
Jim Slater               0  0  0   0  0   1  1  3  1  0  11/16  22:47   1:59   2:00 
John Mitchell A          0  0  0   0  0   0  1  0  0  0  0/0    11:13   0:00   0:00 
Kael Mouillierat         0  0  0   0  0   2  1  0  3  1  5/14   21:30   2:57   1:04 
Kevin Czuczman           0  0  0   0  2   3  0  0  0  0  0/0    13:23   0:00   1:04 
Magnus Nygren            0  0  0   0  0   1  1  0  0  1  0/0    25:28   3:06   0:00 
Marc Hagel               0  0  0   0  0   0  0  1  3  0  1/6    11:13   0:00   0:00 
Patrick Bordeleau        0  1  1   1  0   6  5  0  8  0  1/1    20:17   3:00   2:35 
Patrick Cehlin           0  0  0   1  0   1  1  0  2  0  2/3    13:53   0:00   1:13 
Raman Hrabarenka         0  0  0   1  0   1  1  1  0  1  0/0    25:19   2:51   2:19 
Simon Moser              0  0  0   0  0   0  2  1  0  1  0/0    19:08   2:57   0:00 
Tim Sestito              0  0  0   0  0   4  2  0  4  1  0/0    21:09   2:57   1:04 

Players Stats for Senators

Player Name              G  A  P  +/- PIM S  H  SB GA TA FO     MP     PP MP  PK MP  
------------------------------------------------------------------------------------
Andrew MacWilliam        0  0  0  -1  0   0  0  0  0  2  0/0    14:25   0:00   0:00 
Colton Orr               0  0  0   0  7   1  1  2  2  0  1/1    17:23   1:17   0:48 
Daine Todd               0  0  0   0  0   0  0  0  0  0  0/0     1:14   0:00   0:00 
David Broll              0  0  0   0  0   0  0  0  0  0  0/0     2:31   0:00   1:06 
Emerson Etem             0  0  0  -1  0   1  1  0  7  0  2/6    21:54   1:16   4:03 
Evan Trupp               0  0  0   0  0   2  1  0  2  0  0/0    17:12   0:24   0:00 
Greg Nemisz              0  0  0   0  0   3  1  1  0  0  6/11   16:06   0:00   0:00 
Greg Pateryn             0  0  0   0  0   2  1  1  0  0  0/0    23:05   2:19   2:52 
Jesse Blacker            0  0  0  -1  0   0  0  2  0  0  0/0    14:25   0:00   0:00 
Joe Finley               0  0  0   0  0   0  1  1  0  1  0/0     4:05   0:00   0:00 
John Scott               0  0  0   0  2   1  0  1  1  1  0/0    23:08   1:39   3:32 
Josh Leivo               0  0  0   0  0   3  2  0  0  1  0/0    18:57   2:42   0:00 
Korbinian Holzer         0  0  0   0  0   2  0  0  0  0  0/0    23:05   2:19   2:52 
Kyle Chipchura           0  0  0  -1  0   1  2  0  1  1  4/8    21:23   1:50   4:03 
Martin St. Pierre        0  0  0   0  0   1  2  0  2  0  7/17   20:22   2:42   0:32 
Mike Brown               0  0  0  -1  2   2  3  0  1  0  0/1    19:13   1:43   0:55 
Steve Eminger            0  0  0   0  0   1  2  2  1  1  0/0    18:24   1:39   3:05 
Tyler Biggs              0  0  0   0  0   1  1  0  1  0  0/0    17:02   0:00   0:00 

3 Stars

1 - Philipp Grubauer (Pro)
2 - Jean-Francois Berube (BIN)
3 - Patrick Bordeleau (Pro)

Power Play

Bruins - 0 on 3 Attempt(s) - 0.00%
Senators - 0 on 2 Attempt(s) - 0.00%

Penalty Kill

Bruins - 2 on 2 Attempt(s) - 100.00% - Score 0 goal in Penalty Kill
Senators - 3 on 3 Attempt(s) - 100.00% - Score 0 goal in Penalty Kill

Team Stat

Bruins - Hits : 18 - Faceoff Wins : 24 - Blocked Shots : 9 - Penalty Minutes : 29
Senators - Hits : 18 - Faceoff Wins : 20 - Blocked Shots : 10 - Penalty Minutes : 11

Official

Referees : Unknown
Linesman : Unknown

Game Notes

Jake Newton beats up Colton Orr at 17:24 of 1st period
Jake Newton ejected from game at 17:24 of 1st period
Greg Nemisz is injured at 13:12 of 3rd period (Strained Left Knee)

Finance

Level 1 -- Attendance: 1434 (71.70%) -- Ticket Income $50,190
Level 2 -- Attendance: 799 (79.90%) -- Ticket Income $11,985
Total Attendance: 2233 (74.43%)
Total Ticket Income: $62,175
Other Income: $30,466
Total Income: $92,641

Bruins

5 vs 5 Forward 
   Center                   Left Wing                Right Wing               Time % Phy DF OF 
 1 Jim Slater               Patrick Bordeleau        Buddy Robinson           35     1   2  2  
 2 Kael Mouillierat         Tim Sestito              Simon Moser              30     1   2  2  
 3 Jim Slater               Patrick Cehlin           Brandon Alderson         22     1   2  2  
 4 Marc Hagel               John Mitchell A          Jim Slater               13     1   2  2  

5 vs 5 Defense 
   Defense                  Defense                                           Time % Phy DF OF 
 1 Dmitry Korobov           Raman Hrabarenka                                  35     1   2  2  
 2 Conor Allen              Magnus Nygren                                     30     1   2  2  
 3 Magnus Nygren            Jake Newton                                       22     1   2  2  
 4 Dmitry Korobov           Raman Hrabarenka                                  13     1   2  2  

PowerPlay Forward 
   Center                   Left Wing                Right Wing               Time % Phy DF OF 
 1 Jim Slater               Patrick Bordeleau        Buddy Robinson           60     1   2  2  
 2 Kael Mouillierat         Tim Sestito              Simon Moser              40     1   2  2  

PowerPlay Defense
   Defense                  Defense                                           Time % Phy DF OF 
 1 Dmitry Korobov           Raman Hrabarenka                                  60     1   2  2  
 2 Conor Allen              Magnus Nygren                                     40     1   2  2  

Penalty Kill 4 Players Forward 
   Center                   Wing                     Time % Phy DF OF 
 1 Jim Slater               Patrick Bordeleau        60     1   2  2  
 2 Kael Mouillierat         Tim Sestito              40     1   2  2  

Penalty Kill 4 Players Defense
   Defense                  Defense                  Time % Phy DF OF 
 1 Dmitry Korobov           Raman Hrabarenka         60     1   2  2  
 2 Conor Allen              Jake Newton              40     1   2  2  

Penalty Kill - 3 Players Forward 
   Forward                                           Time % Phy DF OF 
 1 Jim Slater                                        60     1   2  2  
 2 Patrick Bordeleau                                 40     1   2  2  

Penalty Kill - 3 Players Defense
   Defense                  Defense                  Time % Phy DF OF 
 1 Dmitry Korobov           Raman Hrabarenka         60     1   2  2  
 2 Conor Allen              Jake Newton              40     1   2  2  

4 vs 4 Forward 
   Center                   Wing                     Time % Phy DF OF 
 1 Jim Slater               Patrick Bordeleau        60     1   2  2  
 2 Kael Mouillierat         Tim Sestito              40     1   2  2  

4 vs 4 Defense
   Defense                  Defense                  Time % Phy DF OF 
 1 Dmitry Korobov           Raman Hrabarenka         60     1   2  2  
 2 Conor Allen              Magnus Nygren            40     1   2  2  

Last Minutes Offensive
   Center                   Left Wing                Right Wing               Defense                  Defense                  
   Jim Slater               Patrick Bordeleau        Buddy Robinson           Dmitry Korobov           Raman Hrabarenka         

Last Minutes Defensive
   Center                   Left Wing                Right Wing               Defense                  Defense                  
   Jim Slater               Patrick Bordeleau        Buddy Robinson           Dmitry Korobov           Raman Hrabarenka         

Goaltenders
Starting : Philipp Grubauer         
Backup : Andrey Makarov           

Extra Forwards
Normal : Jim Slater, Brandon Alderson, Patrick Cehlin - PP : Jim Slater, Brandon Alderson - PK : Patrick Cehlin
Extra Defensemen
Normal : Magnus Nygren, Jake Newton, Conor Allen - PP : Magnus Nygren - PK : Jake Newton, Conor Allen
Penalty Shots
Jim Slater, Patrick Bordeleau, Kael Mouillierat, Tim Sestito, Buddy Robinson

Senators

5 vs 5 Forward 
   Center                   Left Wing                Right Wing               Time % Phy DF OF 
 1 Kyle Chipchura           Emerson Etem             Mike Brown               35     1   2  2  
 2 Martin St. Pierre        Josh Leivo               Colton Orr               30     1   2  2  
 3 Greg Nemisz              Evan Trupp               Tyler Biggs              22     1   2  2  
 4 Emerson Etem             Kyle Chipchura           Mike Brown               13     1   2  2  

5 vs 5 Defense 
   Defense                  Defense                                           Time % Phy DF OF 
 1 John Scott               Steve Eminger                                     35     1   2  2  
 2 Korbinian Holzer         Greg Pateryn                                      30     1   2  2  
 3 Jesse Blacker            Andrew MacWilliam                                 22     1   2  2  
 4 Joe Finley               John Scott                                        13     1   2  2  

PowerPlay Forward 
   Center                   Left Wing                Right Wing               Time % Phy DF OF 
 1 Kyle Chipchura           Emerson Etem             Mike Brown               60     1   2  2  
 2 Martin St. Pierre        Josh Leivo               Colton Orr               40     1   2  2  

PowerPlay Defense
   Defense                  Defense                                           Time % Phy DF OF 
 1 John Scott               Steve Eminger                                     60     1   2  2  
 2 Korbinian Holzer         Greg Pateryn                                      40     1   2  2  

Penalty Kill 4 Players Forward 
   Center                   Wing                     Time % Phy DF OF 
 1 Emerson Etem             Kyle Chipchura           60     1   2  2  
 2 Mike Brown               Colton Orr               40     1   2  2  

Penalty Kill 4 Players Defense
   Defense                  Defense                  Time % Phy DF OF 
 1 John Scott               Steve Eminger            60     1   2  2  
 2 Korbinian Holzer         Greg Pateryn             40     1   2  2  

Penalty Kill - 3 Players Forward 
   Forward                                           Time % Phy DF OF 
 1 Emerson Etem                                      60     1   2  2  
 2 Kyle Chipchura                                    40     1   2  2  

Penalty Kill - 3 Players Defense
   Defense                  Defense                  Time % Phy DF OF 
 1 John Scott               Steve Eminger            60     1   2  2  
 2 Korbinian Holzer         Greg Pateryn             40     1   2  2  

4 vs 4 Forward 
   Center                   Wing                     Time % Phy DF OF 
 1 Emerson Etem             Kyle Chipchura           60     1   2  2  
 2 Mike Brown               Colton Orr               40     1   2  2  

4 vs 4 Defense
   Defense                  Defense                  Time % Phy DF OF 
 1 John Scott               Steve Eminger            60     1   2  2  
 2 Korbinian Holzer         Greg Pateryn             40     1   2  2  

Last Minutes Offensive
   Center                   Left Wing                Right Wing               Defense                  Defense                  
   Kyle Chipchura           Emerson Etem             Mike Brown               John Scott               Steve Eminger            

Last Minutes Defensive
   Center                   Left Wing                Right Wing               Defense                  Defense                  
   Kyle Chipchura           Emerson Etem             Mike Brown               John Scott               Steve Eminger            

Goaltenders
Starting : Jean-Francois Berube     
Backup : Cedrick Desjardins       

Extra Forwards
Normal : Greg Nemisz, Tyler Biggs, Emerson Etem - PP : Greg Nemisz, Tyler Biggs - PK : John Scott
Extra Defensemen
Normal : Jesse Blacker, Andrew MacWilliam, Joe Finley - PP : Jesse Blacker - PK : Andrew MacWilliam, Joe Finley
Penalty Shots
Emerson Etem, John Scott, Kyle Chipchura, Mike Brown, Colton Orr

% Time on Ice - Bruins

Lines # - Real PCT - Wanted PCT - Time Play
Normal Forward
1 - 30% - 35% - 14:50
2 - 33% - 30% - 16:12
3 - 14% - 22% - 7:06
4 - 23% - 13% - 11:13
Normal Defense
1 - 34% - 35% - 16:39
2 - 23% - 30% - 11:22
3 - 38% - 22% - 18:54
4 - 5% - 13% - 2:26
PP Forward
1 - 50% - 60% - 3:00
2 - 50% - 40% - 2:57
PP Defense
1 - 48% - 60% - 2:51
2 - 52% - 40% - 3:06
PK Forward
1 - 73% - 60% - 2:54
2 - 27% - 40% - 1:04
PK Defense
1 - 58% - 60% - 2:19
2 - 42% - 40% - 1:39
PK3 Forward
1 - 0% - 60%
2 - 0% - 40%
PK3 Defense
1 - 0% - 60%
2 - 0% - 40%
44 Forward
1 - 0% - 60%
2 - 0% - 40%
44 Defense
1 - 0% - 60%
2 - 0% - 40%
Last Minute Offensive  - 0:00
Last Minute Defensive  - 0:44
Total
Forward - 60:00
Defense - 60:00

% Time on Ice - Senators

Lines # - Real PCT - Wanted PCT - Time Play
Normal Forward
1 - 28% - 35% - 13:59
2 - 34% - 30% - 16:51
3 - 34% - 22% - 17:01
4 - 3% - 13% - 1:30
Normal Defense
1 - 27% - 35% - 13:06
2 - 36% - 30% - 17:44
3 - 29% - 22% - 14:25
4 - 8% - 13% - 4:06
PP Forward
1 - 32% - 60% - 1:16
2 - 68% - 40% - 2:42
PP Defense
1 - 42% - 60% - 1:39
2 - 58% - 40% - 2:19
PK Forward
1 - 82% - 60% - 4:53
2 - 18% - 40% - 1:04
PK Defense
1 - 52% - 60% - 3:05
2 - 48% - 40% - 2:52
PK3 Forward
1 - 0% - 60%
2 - 0% - 40%
PK3 Defense
1 - 0% - 60%
2 - 0% - 40%
44 Forward
1 - 0% - 60%
2 - 0% - 40%
44 Defense
1 - 0% - 60%
2 - 0% - 40%
Last Minute Offensive  - 0:44
Last Minute Defensive  - 0:00
Total
Forward - 60:00
Defense - 60:00

Play by Play

1st period


0:01 of 1st period - Buddy Robinson wins face-off versus Kyle Chipchura in neutral zone.
0:26 of 1st period - Wrist shot by Jim Slater.
0:26 of 1st period - Shot Blocked by Steve Eminger.
0:30 of 1st period - Wrist shot by Jim Slater.
0:30 of 1st period - Deflect By Buddy Robinson.
0:30 of 1st period - Stopped by Jean-Francois Berube without a rebound.
0:31 of 1st period - Martin St. Pierre wins face-off versus Kael Mouillierat in Senators zone.
1:24 of 1st period - Evan Trupp is hit by Brandon Alderson and loses puck.
1:28 of 1st period - Icing by Korbinian Holzer.
1:29 of 1st period - Greg Nemisz wins face-off versus Jim Slater in Senators zone.
1:29 of 1st period - Greg Nemisz is hit by Raman Hrabarenka.
2:52 of 1st period - Icing by Emerson Etem.
2:53 of 1st period - Kael Mouillierat wins face-off versus Martin St. Pierre in Senators zone.
3:04 of 1st period - Snap shot by Tim Sestito.
3:04 of 1st period - Stopped by Jean-Francois Berube with a rebound.
3:06 of 1st period - Slapshot by Jake Newton.
3:06 of 1st period - Shot Blocked by Jesse Blacker.
3:25 of 1st period - Icing by Jesse Blacker.
3:26 of 1st period - Jim Slater wins face-off versus Martin St. Pierre in Senators zone.
4:21 of 1st period - Steve Eminger is hit by Kael Mouillierat.
4:37 of 1st period - Slapshot by Magnus Nygren.
4:37 of 1st period - Shot Hit the Post.
4:39 of 1st period - Minor Penalty to John Scott for Hooking.
4:40 of 1st period - Jim Slater wins face-off versus Emerson Etem in Senators zone.
4:59 of 1st period - Snap shot by Jim Slater.
4:59 of 1st period - Stopped by Jean-Francois Berube without a rebound.
5:00 of 1st period - Jim Slater wins face-off versus Emerson Etem in Senators zone.
5:50 of 1st period - Patrick Bordeleau is hit by Kyle Chipchura and loses puck.
6:05 of 1st period - Mike Brown is hit by Simon Moser and loses puck.
6:39 of 1st period - Penalty to John Scott is over, John Scott is back on ice.
7:03 of 1st period - Evan Trupp is hit by Brandon Alderson and loses puck.
7:29 of 1st period - Slapshot by Greg Nemisz.
7:29 of 1st period - Stopped by Philipp Grubauer with a rebound.
7:54 of 1st period - Slapshot by Martin St. Pierre.
7:54 of 1st period - Shot Misses the Net.
8:01 of 1st period - Snap shot by Tim Sestito.
8:01 of 1st period - Deflect By John Scott.
8:01 of 1st period - Shot Misses the Net.
8:01 of 1st period - Puck is out of play.
8:02 of 1st period - Kael Mouillierat wins face-off versus Greg Nemisz in Senators zone.
9:42 of 1st period - Wrist shot by Buddy Robinson.
9:42 of 1st period - Stopped by Jean-Francois Berube with a rebound.
9:44 of 1st period - Slapshot by Dmitry Korobov.
9:44 of 1st period - Shot Blocked by Jesse Blacker.
10:17 of 1st period - Minor Penalty to Kevin Czuczman for Hooking.
10:18 of 1st period - Colton Orr wins face-off versus Jim Slater in Bruins zone.
10:19 of 1st period - Slapshot by Martin St. Pierre.
10:19 of 1st period - Shot Misses the Net.
10:52 of 1st period - Off-side.
10:53 of 1st period - Patrick Cehlin wins face-off versus Martin St. Pierre in neutral zone.
10:58 of 1st period - Slapshot by Patrick Cehlin.
10:58 of 1st period - Deflect By Patrick Bordeleau.
10:58 of 1st period - Stopped by Jean-Francois Berube without a rebound.
10:59 of 1st period - Patrick Cehlin wins face-off versus Martin St. Pierre in Senators zone.
12:08 of 1st period - Raman Hrabarenka is hit by Steve Eminger and loses puck.
12:15 of 1st period - Snap shot by Martin St. Pierre.
12:15 of 1st period - Shot Misses the Net.
12:17 of 1st period - Penalty to Kevin Czuczman is over, Kevin Czuczman is back on ice.
12:17 of 1st period - Wrist shot by Steve Eminger.
12:17 of 1st period - Shot Misses the Net.
13:40 of 1st period - Off-side.
13:41 of 1st period - Kyle Chipchura wins face-off versus Kael Mouillierat in neutral zone.
14:23 of 1st period - Slapshot by Conor Allen.
14:23 of 1st period - Shot Blocked by Greg Pateryn.
14:25 of 1st period - Wrist shot by Magnus Nygren.
14:25 of 1st period - Shot Misses the Net.
14:27 of 1st period - Snap shot by Conor Allen.
14:27 of 1st period - Shot Blocked by Colton Orr.
15:11 of 1st period - Wrist shot by Tim Sestito.
15:11 of 1st period - Stopped by Jean-Francois Berube with a rebound.
15:48 of 1st period - Wrist shot by Patrick Bordeleau.
15:48 of 1st period - Stopped by Jean-Francois Berube with a rebound.
15:50 of 1st period - Slapshot by Raman Hrabarenka.
15:50 of 1st period - Shot Misses the Net.
15:52 of 1st period - Backhand shot by Dmitry Korobov.
15:52 of 1st period - Shot Misses the Net.
15:56 of 1st period - Snap shot by Patrick Bordeleau.
15:56 of 1st period - Stopped by Jean-Francois Berube with a rebound.
15:58 of 1st period - Slapshot by Raman Hrabarenka.
15:58 of 1st period - Stopped by Jean-Francois Berube with a rebound.
16:41 of 1st period - Slapshot by Tim Sestito.
16:41 of 1st period - Stopped by Jean-Francois Berube with a rebound.
16:43 of 1st period - Slapshot by Dmitry Korobov.
16:43 of 1st period - Stopped by Jean-Francois Berube with a rebound.
16:59 of 1st period - Wrist shot by Patrick Bordeleau.
16:59 of 1st period - Stopped by Jean-Francois Berube without a rebound.
17:00 of 1st period - Jim Slater wins face-off versus Martin St. Pierre in Senators zone.
17:24 of 1st period - Jake Newton beats up Colton Orr.
17:24 of 1st period - Penalty to Colton Orr for Fighting.
17:24 of 1st period - Penalty to Jake Newton for Fighting.
17:24 of 1st period - Penalty to Jake Newton for instigated a fight.
17:24 of 1st period - Penalty to Jake Newton for instigated and being the aggresor in a fight.
17:24 of 1st period - Jake Newton is ejected from game.
17:25 of 1st period - Martin St. Pierre wins face-off versus Jim Slater in Senators zone.
17:34 of 1st period - Wrist shot by Kyle Chipchura.
17:34 of 1st period - Shot Misses the Net.
17:36 of 1st period - Snap shot by Korbinian Holzer.
17:36 of 1st period - Shot Misses the Net.
17:38 of 1st period - Snap shot by Korbinian Holzer.
17:38 of 1st period - Deflect By Kyle Chipchura.
17:38 of 1st period - Stopped by Philipp Grubauer with a rebound.
17:40 of 1st period - Slapshot by Greg Pateryn.
17:40 of 1st period - Deflect By Josh Leivo.
17:40 of 1st period - Stopped by Philipp Grubauer with a rebound.
17:42 of 1st period - Slapshot by Greg Pateryn.
17:42 of 1st period - Stopped by Philipp Grubauer without a rebound.
17:43 of 1st period - Jim Slater wins face-off versus Martin St. Pierre in Bruins zone.
17:43 of 1st period - Jim Slater is hit by Josh Leivo.
18:09 of 1st period - Slapshot by Kevin Czuczman.
18:09 of 1st period - Stopped by Jean-Francois Berube without a rebound.
18:10 of 1st period - Kyle Chipchura wins face-off versus Patrick Cehlin in Senators zone.
19:04 of 1st period - Icing by Korbinian Holzer.
19:05 of 1st period - Martin St. Pierre wins face-off versus Jim Slater in Senators zone.
19:24 of 1st period - Penalty to Jake Newton is over, Patrick Cehlin is send on ice.
19:46 of 1st period - Kael Mouillierat is hit by Martin St. Pierre and loses puck.
Goals for this period are 0 for Bruins vs 0 for Senators.
Shots for this period are 13 for Bruins vs 4 for Senators.

2nd period


0:01 of 2nd period - Jim Slater wins face-off versus Kyle Chipchura in neutral zone.
0:55 of 2nd period - Tim Sestito is hit by Martin St. Pierre and loses puck.
1:13 of 2nd period - Snap shot by Martin St. Pierre.
1:13 of 2nd period - Shot Misses the Net.
1:15 of 2nd period - Snap shot by Josh Leivo.
1:15 of 2nd period - Shot Misses the Net.
1:17 of 2nd period - Snap shot by Josh Leivo.
1:17 of 2nd period - Stopped by Philipp Grubauer with a rebound.
1:45 of 2nd period - Patrick Cehlin is hit by Greg Pateryn and loses puck.
2:26 of 2nd period - Snap shot by Emerson Etem.
2:26 of 2nd period - Stopped by Philipp Grubauer with a rebound.
3:22 of 2nd period - Snap shot by Buddy Robinson.
3:22 of 2nd period - Stopped by Jean-Francois Berube with a rebound.
4:07 of 2nd period - Snap shot by Jim Slater.
4:07 of 2nd period - Shot Blocked by Joe Finley.
4:09 of 2nd period - Snap shot by Jim Slater.
4:09 of 2nd period - Shot Blocked by Greg Nemisz.
4:11 of 2nd period - Snap shot by Raman Hrabarenka.
4:11 of 2nd period - Shot Hit the Post.
4:13 of 2nd period - Slapshot by Raman Hrabarenka.
4:13 of 2nd period - Shot Misses the Net.
4:15 of 2nd period - Slapshot by Jim Slater.
4:15 of 2nd period - Deflect By John Scott.
4:15 of 2nd period - Shot Misses the Net.
4:15 of 2nd period - Puck is out of play.
4:16 of 2nd period - Kyle Chipchura wins face-off versus Marc Hagel in Senators zone.
4:43 of 2nd period - Minor Penalty to Colton Orr for Hooking.
4:44 of 2nd period - Emerson Etem wins face-off versus Kael Mouillierat in Senators zone.
4:58 of 2nd period - Slapshot by Steve Eminger.
4:58 of 2nd period - Shot Blocked by Raman Hrabarenka.
5:00 of 2nd period - Slapshot by John Scott.
5:00 of 2nd period - Stopped by Philipp Grubauer with a rebound.
5:02 of 2nd period - Snap shot by Emerson Etem.
5:02 of 2nd period - Shot Blocked by Dmitry Korobov.
5:04 of 2nd period - Slapshot by Steve Eminger.
5:04 of 2nd period - Shot Blocked by Simon Moser.
6:35 of 2nd period - Wrist shot by Buddy Robinson.
6:35 of 2nd period - Shot Blocked by John Scott.
6:43 of 2nd period - Penalty to Colton Orr is over, Colton Orr is back on ice.
6:52 of 2nd period - Magnus Nygren is hit by Mike Brown and loses puck.
7:15 of 2nd period - Tyler Biggs is hit by John Mitchell A and loses puck.
7:22 of 2nd period - Wrist shot by Korbinian Holzer.
7:22 of 2nd period - Stopped by Philipp Grubauer with a rebound.
7:24 of 2nd period - Slapshot by Evan Trupp.
7:24 of 2nd period - Shot Blocked by Jim Slater.
7:26 of 2nd period - Snap shot by Greg Nemisz.
7:26 of 2nd period - Shot Misses the Net.
8:32 of 2nd period - Wrist shot by Kael Mouillierat.
8:32 of 2nd period - Shot Misses the Net.
8:34 of 2nd period - Slapshot by Patrick Cehlin.
8:34 of 2nd period - Stopped by Jean-Francois Berube without a rebound.
8:35 of 2nd period - Greg Nemisz wins face-off versus Kael Mouillierat in Senators zone.
9:05 of 2nd period - Tim Sestito is hit by Josh Leivo and loses puck.
9:57 of 2nd period - Wrist shot by Greg Nemisz.
9:57 of 2nd period - Shot Misses the Net.
10:05 of 2nd period - Wrist shot by Greg Nemisz.
10:05 of 2nd period - Stopped by Philipp Grubauer without a rebound.
10:06 of 2nd period - Greg Nemisz wins face-off versus Marc Hagel in Bruins zone.
10:43 of 2nd period - Snap shot by Greg Nemisz.
10:43 of 2nd period - Shot Misses the Net.
11:59 of 2nd period - Wrist shot by Kevin Czuczman.
11:59 of 2nd period - Stopped by Jean-Francois Berube with a rebound.
12:19 of 2nd period - Brandon Alderson is hit by Kyle Chipchura and loses puck.
12:24 of 2nd period - 10 Minutes Misconduct Penalty to Jake Newton is over.
12:32 of 2nd period - Snap shot by Emerson Etem.
12:32 of 2nd period - Shot Misses the Net.
12:42 of 2nd period - Kevin Czuczman is hit by Greg Nemisz and loses puck.
12:47 of 2nd period - Slapshot by John Scott.
12:47 of 2nd period - Deflect By Tyler Biggs.
12:47 of 2nd period - Shot Blocked by Brandon Alderson.
12:47 of 2nd period - Puck is out of play.
12:48 of 2nd period - Jim Slater wins face-off versus Greg Nemisz in Bruins zone.
14:56 of 2nd period - Slapshot by Josh Leivo.
14:56 of 2nd period - Deflect By Martin St. Pierre.
14:56 of 2nd period - Shot Misses the Net.
14:56 of 2nd period - Puck is out of play.
14:57 of 2nd period - Martin St. Pierre wins face-off versus Marc Hagel in Bruins zone.
15:15 of 2nd period - Icing by Mike Brown.
15:16 of 2nd period - Marc Hagel wins face-off versus Martin St. Pierre in Senators zone.
15:46 of 2nd period - Icing by Jesse Blacker.
15:47 of 2nd period - Greg Nemisz wins face-off versus Marc Hagel in Senators zone.
16:39 of 2nd period - Snap shot by Josh Leivo.
16:39 of 2nd period - Stopped by Philipp Grubauer with a rebound.
17:30 of 2nd period - Josh Leivo is hit by Simon Moser and loses puck.
17:36 of 2nd period - Icing by Steve Eminger.
17:37 of 2nd period - Martin St. Pierre wins face-off versus Kael Mouillierat in Senators zone.
18:47 of 2nd period - Tim Sestito is hit by Mike Brown and loses puck.
19:12 of 2nd period - Wrist shot by Martin St. Pierre.
19:12 of 2nd period - Shot Misses the Net.
19:14 of 2nd period - Wrist shot by Martin St. Pierre.
19:14 of 2nd period - Stopped by Philipp Grubauer with a rebound.
19:16 of 2nd period - Slapshot by Korbinian Holzer.
19:16 of 2nd period - Shot Blocked by Dmitry Korobov.
19:18 of 2nd period - Snap shot by Colton Orr.
19:18 of 2nd period - Shot Misses the Net.
19:38 of 2nd period - Wrist shot by Greg Nemisz.
19:38 of 2nd period - Shot Blocked by Jim Slater.
Goals for this period are 0 for Bruins vs 0 for Senators.
Shots for this period are 3 for Bruins vs 7 for Senators.

3rd period


0:01 of 3rd period - Jim Slater wins face-off versus Kyle Chipchura in neutral zone.
0:03 of 3rd period - Off-side.
0:04 of 3rd period - Patrick Bordeleau wins face-off versus Kyle Chipchura in neutral zone.
0:19 of 3rd period - Snap shot by Mike Brown.
0:19 of 3rd period - Stopped by Philipp Grubauer with a rebound.
0:21 of 3rd period - Slapshot by Steve Eminger.
0:21 of 3rd period - Stopped by Philipp Grubauer without a rebound.
0:22 of 3rd period - Kael Mouillierat wins face-off versus Martin St. Pierre in Bruins zone.
0:37 of 3rd period - Josh Leivo is hit by Tim Sestito and loses puck.
0:50 of 3rd period - Slapshot by Colton Orr.
0:50 of 3rd period - Stopped by Philipp Grubauer without a rebound.
0:51 of 3rd period - Jim Slater wins face-off versus Mike Brown in Bruins zone.
1:10 of 3rd period - Snap shot by Jim Slater.
1:10 of 3rd period - Shot Misses the Net.
1:24 of 3rd period - Slapshot by Buddy Robinson.
1:24 of 3rd period - Shot Misses the Net.
1:26 of 3rd period - Slapshot by Conor Allen.
1:26 of 3rd period - Shot Misses the Net.
1:34 of 3rd period - Minor Penalty to Mike Brown for Cross-checking.
1:35 of 3rd period - Kael Mouillierat wins face-off versus Emerson Etem in Senators zone.
2:22 of 3rd period - Off-side.
2:23 of 3rd period - Emerson Etem wins face-off versus Jim Slater in neutral zone.
2:44 of 3rd period - David Broll is hit by Patrick Bordeleau and loses puck.
3:14 of 3rd period - Tim Sestito is hit by Emerson Etem and loses puck.
3:34 of 3rd period - Penalty to Mike Brown is over, Mike Brown is back on ice.
3:43 of 3rd period - Snap shot by Patrick Bordeleau.
3:43 of 3rd period - Stopped by Jean-Francois Berube without a rebound.
3:44 of 3rd period - Jim Slater wins face-off versus Greg Nemisz in Senators zone.
4:50 of 3rd period - Snap shot by Tim Sestito.
4:50 of 3rd period - Stopped by Jean-Francois Berube with a rebound.
4:54 of 3rd period - Slapshot by Tim Sestito.
4:54 of 3rd period - Deflect By Kael Mouillierat.
4:54 of 3rd period - Shot Blocked by Colton Orr.
4:54 of 3rd period - Puck is out of play.
4:55 of 3rd period - Martin St. Pierre wins face-off versus Kael Mouillierat in Senators zone.
5:26 of 3rd period - Colton Orr is hit by Dmitry Korobov and loses puck.
6:11 of 3rd period - Snap shot by Evan Trupp.
6:11 of 3rd period - Stopped by Philipp Grubauer with a rebound.
6:13 of 3rd period - Wrist shot by Greg Nemisz.
6:13 of 3rd period - Stopped by Philipp Grubauer with a rebound.
6:15 of 3rd period - Snap shot by Tyler Biggs.
6:15 of 3rd period - Stopped by Philipp Grubauer with a rebound.
6:17 of 3rd period - Wrist shot by Evan Trupp.
6:17 of 3rd period - Shot Misses the Net.
6:21 of 3rd period - Wrist shot by Evan Trupp.
6:21 of 3rd period - Stopped by Philipp Grubauer without a rebound.
6:22 of 3rd period - Brandon Alderson wins face-off versus Greg Nemisz in Bruins zone.
6:22 of 3rd period - Brandon Alderson is hit by Joe Finley.
6:28 of 3rd period - Greg Nemisz is hit by Patrick Bordeleau and loses puck.
9:03 of 3rd period - Slapshot by Buddy Robinson.
9:03 of 3rd period - Goal by Buddy Robinson - Bruins : 1 - Senators : 0.
9:04 of 3rd period - Kyle Chipchura wins face-off versus Marc Hagel in neutral zone.
9:07 of 3rd period - Wrist shot by Kyle Chipchura.
9:07 of 3rd period - Shot Misses the Net.
9:33 of 3rd period - Wrist shot by Greg Nemisz.
9:33 of 3rd period - Shot Misses the Net.
9:35 of 3rd period - Slapshot by Evan Trupp.
9:35 of 3rd period - Shot Misses the Net.
9:37 of 3rd period - Snap shot by Tyler Biggs.
9:37 of 3rd period - Shot Misses the Net.
9:39 of 3rd period - Slapshot by Korbinian Holzer.
9:39 of 3rd period - Stopped by Philipp Grubauer with a rebound.
9:41 of 3rd period - Slapshot by Greg Pateryn.
9:41 of 3rd period - Stopped by Philipp Grubauer with a rebound.
9:43 of 3rd period - Snap shot by Greg Nemisz.
9:43 of 3rd period - Deflect By Evan Trupp.
9:43 of 3rd period - Shot Blocked by Marc Hagel.
9:43 of 3rd period - Puck is out of play.
9:44 of 3rd period - Brandon Alderson wins face-off versus Greg Nemisz in Bruins zone.
9:44 of 3rd period - Brandon Alderson is hit by Steve Eminger.
9:54 of 3rd period - Wrist shot by Buddy Robinson.
9:54 of 3rd period - Stopped by Jean-Francois Berube with a rebound.
9:56 of 3rd period - Snap shot by Brandon Alderson.
9:56 of 3rd period - Shot Misses the Net.
9:58 of 3rd period - Snap shot by Buddy Robinson.
9:58 of 3rd period - Stopped by Jean-Francois Berube without a rebound.
9:59 of 3rd period - Brandon Alderson wins face-off versus Martin St. Pierre in Senators zone.
10:02 of 3rd period - Slapshot by Patrick Bordeleau.
10:02 of 3rd period - Stopped by Jean-Francois Berube with a rebound.
10:04 of 3rd period - Slapshot by Magnus Nygren.
10:04 of 3rd period - Shot Blocked by Steve Eminger.
10:06 of 3rd period - Snap shot by Magnus Nygren.
10:06 of 3rd period - Deflect By Josh Leivo.
10:06 of 3rd period - Stopped by Jean-Francois Berube without a rebound.
10:07 of 3rd period - Martin St. Pierre wins face-off versus Kael Mouillierat in Senators zone.
10:50 of 3rd period - Kyle Chipchura is hit by Jim Slater and loses puck.
11:25 of 3rd period - Greg Nemisz is hit by Patrick Bordeleau and loses puck.
12:20 of 3rd period - Slapshot by Kevin Czuczman.
12:20 of 3rd period - Stopped by Jean-Francois Berube with a rebound.
12:50 of 3rd period - Andrew MacWilliam is hit by Patrick Bordeleau and loses puck.
13:07 of 3rd period - Backhand shot by Kael Mouillierat.
13:07 of 3rd period - Stopped by Jean-Francois Berube without a rebound.
13:08 of 3rd period - Greg Nemisz wins face-off versus Kael Mouillierat in Senators zone.
13:10 of 3rd period - Icing by John Scott.
13:11 of 3rd period - Greg Nemisz wins face-off versus Kael Mouillierat in Senators zone.
13:11 of 3rd period - Greg Nemisz is hit by Tim Sestito.
13:12 of 3rd period - Greg Nemisz from Senators is injured at 13:12 of 3rd period (Strained Left Knee).
13:13 of 3rd period - Jim Slater wins face-off versus Emerson Etem in Senators zone.
14:01 of 3rd period - Wrist shot by Tim Sestito.
14:01 of 3rd period - Deflect By Kael Mouillierat.
14:01 of 3rd period - Stopped by Jean-Francois Berube without a rebound.
14:02 of 3rd period - Kael Mouillierat wins face-off versus Martin St. Pierre in Senators zone.
15:13 of 3rd period - Patrick Cehlin is hit by Tyler Biggs and loses puck.
15:22 of 3rd period - Emerson Etem is hit by Patrick Cehlin and loses puck.
15:41 of 3rd period - Slapshot by Martin St. Pierre.
15:41 of 3rd period - Shot Blocked by Jim Slater.
15:43 of 3rd period - Slapshot by John Scott.
15:43 of 3rd period - Shot Misses the Net.
16:47 of 3rd period - Slapshot by Mike Brown.
16:47 of 3rd period - Stopped by Philipp Grubauer with a rebound.
17:12 of 3rd period - Jim Slater is hit by Evan Trupp and loses puck.
17:57 of 3rd period - Snap shot by Patrick Bordeleau.
17:57 of 3rd period - Shot Misses the Net.
18:12 of 3rd period - Magnus Nygren is hit by Colton Orr and loses puck.
18:19 of 3rd period - Colton Orr is hit by Magnus Nygren.
18:36 of 3rd period - Slapshot by Kevin Czuczman.
18:36 of 3rd period - Shot Misses the Net.
19:24 of 3rd period - Buddy Robinson is hit by Mike Brown and loses puck.
19:27 of 3rd period - Senators, Jean-Francois Berube is pulled from the net.
19:45 of 3rd period - Mike Brown is hit by Patrick Bordeleau and loses puck.
Goals for this period are 1 for Bruins vs 0 for Senators.
Shots for this period are 10 for Bruins vs 10 for Senators.


Output by the SimonT Hockey Simulator (STHS) for Eric Dolegowski -- Original Page W3C XHTML 1.0 Valid
Hockey Simulator - Hockey Simulation - Hockey Manager